 Dungeon Crawl Stone Soup version 0.28-a0-1429-gf3d713df7a (webtiles) character file.

Game seed: 4423002551511127418

56 hito the Cruncher (level 3, 0/46 HPs)
             Began as a Gnoll Wanderer on Jan 8, 2022.
             Succumbed to an adder's poison
             ... on level 2 of the Dungeon.
             The game lasted 00:03:27 (721 turns).

hito the Cruncher (Gnoll Wanderer)                   Turns: 721, Time: 00:03:27

Health: 0/46       AC: 21    Str: 10 (13) XL:     3   Next: 97%
Magic:  5/5        EV:  2    Int: 10 (12) God:
Gold:   39         SH:  0    Dex:  8 (10) Spells: 4/4 levels left

rFire   . . .      SeeInvis .   a - +3 quarterstaff
rCold   . . .      Faith    .   (shield currently unavailable)
rNeg    . . .      Spirit   .   (armour currently unavailable)
rPois   +          Reflect  .   (helmet currently unavailable)
rElec   .          Harm     .   (cloak currently unavailable)
rCorr   .          Rampage  .   (gloves currently unavailable)
Will    +....      NoTele   +   (boots currently unavailable)
Stlth   +.........              p - amulet of regeneration
HPRegen 0.95/turn               l - ring of willpower
MPRegen 0.09/turn               (no ring)

@: lethally poisoned (0 -> -2), tree-form
A: stationary, stasis, torment immunity, boosted hp, (fangs 1), strong nose,
distributed training
a: no special abilities


You were on level 2 of the Dungeon.
You were a tree.
You visited 1 branch of the dungeon, and saw 2 of its levels.

You collected 39 gold pieces.

Inventory:

Hand Weapons
 a - a +3 quarterstaff (weapon)
 b - a +0 shortbow
 q - a +0 spear of venom
Missiles
 c - 24 arrows
 e - 23 stones (quivered)
 j - 4 curare-tipped darts
Armour
 d - a +0 leather armour (melded)
 k - a +0 pair of boots (melded)
Jewellery
 i - an amulet of guardian spirit
 l - a ring of willpower (left branch)
 p - an amulet of regeneration (around neck)
Scrolls
 g - 4 scrolls of identify {unknown}
 h - a scroll of vulnerability {unknown}
 m - a scroll of acquirement {unknown}


   Skills:
 + Level 4.6 Fighting
 + Level 1.0 Short Blades
 + Level 1.0 Long Blades
 + Level 1.0 Axes
 + Level 1.0 Maces & Flails
 + Level 1.0 Polearms
 + Level 8.5 Staves
 + Level 1.0 Slings
 + Level 6.5 Bows
 + Level 1.0 Crossbows
 + Level 1.0 Throwing
 + Level 1.0 Armour
 + Level 1.0 Dodging
 + Level 1.0 Stealth
 + Level 1.0 Shields
 + Level 1.0 Unarmed Combat
 + Level 1.0 Spellcasting
 + Level 0.7 Conjurations
 + Level 0.7 Hexes
 + Level 0.7 Summonings
 + Level 0.7 Necromancy
 + Level 0.7 Translocations
 + Level 0.7 Transmutations
 + Level 0.7 Fire Magic
 + Level 0.7 Ice Magic
 + Level 0.7 Air Magic
 + Level 0.7 Earth Magic
 + Level 0.7 Poison Magic
 + Level 2.7 Invocations
 + Level 1.0 Evocations


You had 4 spell levels left.
You didn't know any spells.
Your spell library was empty.

Dungeon Overview and Level Annotations

Branches:
Dungeon (2/15)

Altars:


Innate Abilities, Weirdness & Mutations

You are a tree.
Your roots penetrate the ground, keeping you stationary.
You cannot be teleported.
You are immune to unholy pain and torment.
Your maximum health is greatly increased.
Your equipment is partially melded.
((You have very sharp teeth.))
Your uncanny sense of smell can sniff out nearby items.
Your experience applies equally to all skills.


Message History

You closely miss the adder. You bite the adder.
You kill the adder!
* * * LOW HITPOINT WARNING * * *
You feel very sick. The bat closely misses you.
The hobgoblin hits you but does no damage.
The adder closely misses you.
Your Short Blades skill increases to level 1!
Your Long Blades skill increases to level 1!
Your Axes skill increases to level 1!
Your Maces & Flails skill increases to level 1!
Your Polearms skill increases to level 1!
Your Slings skill increases to level 1!
Your Crossbows skill increases to level 1!
Your Throwing skill increases to level 1!
Your Armour skill increases to level 1!
Your Dodging skill increases to level 1!
Your Stealth skill increases to level 1!
Your Shields skill increases to level 1!
Your Unarmed Combat skill increases to level 1!
Your Spellcasting skill increases to level 1!
Your Evocations skill increases to level 1!
It was a potion of magic.
Magic courses through your body.
* * * LOW HITPOINT WARNING * * *
You feel very sick. The adder bites you but does no damage.
The hobgoblin hits you but does no damage.
The bat barely misses you. The adder barely misses you.
It was a potion of degeneration.
There was something very wrong with that liquid.
You feel weakened.
You feel dopey.
You feel clumsy.
* * * LOW HITPOINT WARNING * * *
You feel sick. The bat hits you but does no damage.
The hobgoblin hits you but does no damage.
The adder bites you but does no damage.
It was a potion of lignification.
You turn into a tree.
Your +0 pair of boots melds into your body.
Your +0 leather armour melds into your body.
Your roots penetrate the ground.
You die...

#...# .... # #...
.# .
#...#####.#..
#............
#......[...#
###....S.....+ ∆
......g♣.....#
.......b#########
........#### ...
........##<##.##
...........)†..#
...............#
######.........#
............#
#............#


You could see an adder, a hobgoblin and a bat.

Vanquished Creatures
  2 adders (D:2)
  4 dart slugs
  5 ball pythons (D:1)
  2 endoplasms (D:1)
  A giant cockroach (D:1)
  A goblin (D:1)
  4 hobgoblins (D:1)
  6 kobolds
  3 quokkas
  2 rats
30 creatures vanquished.

Notes
Turn   | Place    | Note
-------+----------+-------------------------------------------
     0 | D:1      | hito the Gnoll Wanderer began the quest for the Orb.
     0 | D:1      | hito set off with the following items: a +3 quarterstaff, a
                  | +0 shortbow, 24 arrows, a +0 leather armour
     0 | D:1      | Reached XP level 1. HP: 20/20 MP: 2/2
   131 | D:1      | Reached XP level 2. HP: 19/26 MP: 1/3
   223 | D:1      | Found a faded altar of an unknown god.
   429 | D:1      | Reached XP level 3. HP: 31/31 MP: 2/4
   719 | D:2      | Reached skill level 1 in Short Blades
   719 | D:2      | Reached skill level 1 in Long Blades
   719 | D:2      | Reached skill level 1 in Axes
   719 | D:2      | Reached skill level 1 in Maces & Flails
   719 | D:2      | Reached skill level 1 in Polearms
   719 | D:2      | Reached skill level 1 in Slings
   719 | D:2      | Reached skill level 1 in Crossbows
   719 | D:2      | Reached skill level 1 in Throwing
   719 | D:2      | Reached skill level 1 in Armour
   719 | D:2      | Reached skill level 1 in Dodging
   719 | D:2      | Reached skill level 1 in Stealth
   719 | D:2      | Reached skill level 1 in Shields
   719 | D:2      | Reached skill level 1 in Unarmed Combat
   719 | D:2      | Reached skill level 1 in Spellcasting
   719 | D:2      | Reached skill level 1 in Evocations
   720 | D:2      | HP: 1/31 [poisoned by an adder]
   721 | D:2      | Succumbed to an adder's poison

Illustrated notes

Levels and vault maps discovered:
D:1:      scummos_arrival_gate, layout_rooms, hellmonk_ecumenical_altar_zigzags,
          minmay_small_reverse_x
D:2:      layout_basic

Skill      XL: |  1  2  3 |
---------------+----------+-----
Short Blades   | 1 |  1.0
Long Blades    | 1 |  1.0
Axes           | 1 |  1.0
Maces & Flails | 1 |  1.0
Polearms       | 1 |  1.0
Slings         | 1 |  1.0
Crossbows      | 1 |  1.0
Throwing       | 1 |  1.0
Armour         | 1 |  1.0
Dodging        | 1 |  1.0
Stealth        | 1 |  1.0
Shields        | 1 |  1.0
Unarmed Combat | 1 |  1.0
Spellcasting   | 1 |  1.0
Evocations     | 1 |  1.0
Fighting       | |  4.6
Staves         | |  8.5
Bows           | |  6.5
Conjurations   | |  0.7
Hexes          | |  0.7
Summonings     | |  0.7
Necromancy     | |  0.7
Translocations | |  0.7
Transmutations | |  0.7
Fire Magic     | |  0.7
Ice Magic      | |  0.7
Air Magic      | |  0.7
Earth Magic    | |  0.7
Poison Magic   | |  0.7
Invocations    | |  2.7

Action                   || total
-------------------------++-------
Melee: Quarterstaff      ||    63
       Bite              ||     6
  Use: Potion            ||     3
Armor: Leather armour    ||    29
Dodge: Dodged            ||    49

Table legend: (Time is in decaauts)
 A = Elapsed time spent in this place.
 B = Non-inter-level travel time spent in this place.
 C = Inter-level travel time spent in this place.
 D = Time resting spent in this place.
 E = Time spent auto-exploring this place.
 F = Levels seen in this place.
 G = Mean time per level.
                   A        B        C        D        E       F      G
               +--------+--------+--------+--------+--------+-----+--------+
         Total |    712 |    679 |     33 |     40 |    384 |   2 |  356.0 |
       Dungeon |    712 |    679 |     33 |     40 |    384 |   2 |  356.0 |
               +--------+--------+--------+--------+--------+-----+--------+

Top non-repeatable levels by time:
     D:1: 681 daAuts
     D:2: 31 daAuts
